[Event "Early-Titled-Tuesday-Blitz-May-07-2024"]
[Site "Chess.com"]
[Date "2024.05.07"]
[Round "5"]
[White "tantaan"]
[Black "Chesmc"]
[Result "1-0"]
[WhiteElo "2488"]
[BlackElo "2113"]
[TimeControl "180+1"]
[EndTime "8:59:01 PDT"]
[Termination "tantaan won by checkmate"]

1. e4 Nf6 2. e5 Nd5 3. d4 d6 4. c4 Nb6 5. f4 dxe5 6. fxe5 Bf5 7. Nc3 e6 8. Nf3 Be7 9. Bd3 Bg4 10. c5 Nd5 11.
O-O Nc6 12. Be4 Qd7 13. h3 Bh5 14. Nxd5 exd5 15. Bc2 O-O-O 16. Be3 Bg6 17. Rb1 f6 18.
exf6 Bxf6 19. b4 Rde8 20. Bf2 Be4 21. b5 Nb8 22. Rb2 Rhf8 23. c6 bxc6 24. bxc6 Nxc6 25.
Ba4 Qd6 26. Qb3 a5 27. Qb7+ Kd7 28. Rc1 Bxf3 29. Qxc6+ Qxc6 30. Bxc6+ Kd6 31. Bxe8 Be4 32. Bh5 Bg5 33. Rd1 g6 34. Bf3 a4 35. Bxe4 dxe4 36.
Bg3+ Kd5 37. Rb5+ Kc4 38. Rxg5 h6 39. Rc5+ Kb4 40. Rxc7 e3 41. Re1 Re8 42. Be5 a3 43.
Rxe3 g5 44. Rb3+ Ka5 45. Ra7# 1-0

[Event "Early-Titled-Tuesday-Blitz-May-07-2024"]
[Site "Chess.com"]
[Date "2024.05.07"]
[Round "5"]
[White "sewlins"]
[Black "BashirliSaadat"]
[Result "0-1"]
[WhiteElo "2200"]
[BlackElo "2396"]
[TimeControl "180+1"]
[EndTime "8:59:01 PDT"]
[Termination "BashirliSaadat won by resignation"]

1. e4 c5 2. Nf3 Nc6 3. Bb5 d6 4. O-O Bd7 5. Re1 Nf6 6. Bf1 g6 7. c3 Bg4 8. h3 Bxf3 9. Qxf3 e5 10. Bc4 Bg7 11. d3 O-O 12. a4 Nd7 13. Nd2 Kh8 14.
Nf1 f5 15. exf5 Rxf5 16. Qg3 Nf6 17. Ne3 Nh5 18. Qh2 Rf8 19. Nd5 a6 20. h4 Rb8 21.
Bg5 Qd7 22. a5 Qf5 23. Re2 h6 24. Be3 Qg4 25. Rd2 Rbe8 26. b4 cxb4 27. cxb4 e4 28.
Rad1 Ne5 29. Bd4 Nf3+ 30. Kh1 Nxh2 31. Bxg7+ Nxg7 32. Kxh2 Qxh4+ 33. Kg1 exd3 34. Bxd3 Re6 35. Ne3 Rfe8 36. Bc4 Rf6 37. Bd5 Qxb4 38. Rd4 Qxa5 39. Bxb7 Qa2 40. Bc6 Qxf2+ 41. Kh1 Qxe3 42. Bxe8 Qxe8 0-1

[Event "Early-Titled-Tuesday-Blitz-May-07-2024"]
[Site "Chess.com"]
[Date "2024.05.07"]
[Round "5"]
[White "Phuzer"]
[Black "Revan_2002"]
[Result "1-0"]
[WhiteElo "2619"]
[BlackElo "2728"]
[TimeControl "180+1"]
[EndTime "8:59:02 PDT"]
[Termination "Phuzer won by checkmate"]

1. d4 Nf6 2. c4 e6 3. Nc3 Bb4 4. g3 d5 5. Bg2 O-O 6. Nf3 dxc4 7. O-O Nc6 8. Qa4 Bd7 9. Bg5 Bxc3 10. bxc3 Nxd4 11. Qxc4 Nxf3+ 12. Bxf3 Bc6 13. Bxc6 bxc6 14.
Rfd1 Qe7 15. Qxc6 h6 16. Bxf6 Qxf6 17. Rd7 h5 18. Rad1 h4 19. Rxc7 Rab8 20. Qf3 Qxf3 21. exf3 Rb2 22. Rxa7 Rc2 23. Rad7 h3 24. Rd8 g5 25.
Rxf8+ Kxf8 26. Ra1 Rxc3 27. a4 Rxf3 28. a5 Rd3 29. a6 Rd8 30. Kf1 Ke7 31. Ke2 g4 32.
Ke3 f5 33. a7 Ra8 34. Ra6 Kf6 35. Kf4 Kf7 36. Ke5 Kg6 37. Rxe6+ Kg5 38. Ra6 Kh5 39.
Kxf5 Rf8+ 40. Ke4 Re8+ 41. Kd5 Rd8+ 42. Kc5 Rc8+ 43. Kb5 Rd8 44. a8=Q Rd5+ 45. Qxd5# 1-0

[Event "Early-Titled-Tuesday-Blitz-May-07-2024"]
[Site "Chess.com"]
[Date "2024.05.07"]
[Round "5"]
[White "Rakhmanov_Aleksandr"]
[Black "BM223344"]
[Result "1-0"]
[WhiteElo "2859"]
[BlackElo "2629"]
[TimeControl "180+1"]
[EndTime "8:59:03 PDT"]
[Termination "Rakhmanov_Aleksandr won by checkmate"]

1. c4 Nf6 2. Nc3 g6 3. g3 d6 4. Bg2 Bg7 5. d3 O-O 6. h3 e5 7. e4 c5 8. Nge2 Nc6 9. O-O Nd4 10. Be3 Bd7 11. Kh2 Rb8 12. f4 b5 13. b3 bxc4 14. dxc4 Bc6 15. f5 gxf5 16. exf5 Bxg2 17. Kxg2 Qd7 18. g4 Qc6+ 19. Kh2 Ne4 20. Nd5 Rfe8 21. g5 f6 22. g6 hxg6 23. fxg6 Re6 24. Nxd4 exd4 25.
Qh5 dxe3 26. Rae1 Rbe8 27. Qh7+ Kf8 28. h4 Re5 29. Nxf6 Nxf6 30. Rxf6+ Ke7 31. Qxg7+ Kd8 32. Rd1 R5e6 33. Rxe6 Rxe6 34. Qf8+ Kd7 35. g7 e2 36. g8=Q exd1=Q 37. Qd8# 1-0

[Event "Early-Titled-Tuesday-Blitz-May-07-2024"]
[Site "Chess.com"]
[Date "2024.05.07"]
[Round "5"]
[White "Rodalquilar"]
[Black "GrotBchess"]
[Result "1-0"]
[WhiteElo "2742"]
[BlackElo "2485"]
[TimeControl "180+1"]
[EndTime "8:59:05 PDT"]
[Termination "Rodalquilar won by checkmate"]

1. d4 Nf6 2. Nf3 e6 3. Bf4 d5 4. e3 c5 5. Nbd2 Nc6 6. c3 Bd6 7. Bg3 Qe7 8. Bxd6 Qxd6 9. Bb5 O-O 10. O-O Bd7 11. Bxc6 Bxc6 12. Ne5 Bb5 13. Re1 Rac8 14. Qb3 Bc6 15. Qa3 Bb5 16. Qxa7 Ba6 17. a4 Ne8 18. a5 f6 19. Nef3 Rc6 20. dxc5 Qd7 21. Nd4 Rc8 22. c6 Qc7 23. Nxe6 Qxc6 24. Nxf8 Kxf8 25.
Qd4 Nd6 26. e4 dxe4 27. Nxe4 Nxe4 28. Qxe4 Qc5 29. Rad1 h6 30. Rd5 Qc7 31. Qd4 Kg8 32.
Rd7 Qxa5 33. Rxg7+ Kxg7 34. Qd7+ Kg6 35. Qxc8 Qg5 36.
Qe8+ Kf5 37. Qe4# 1-0

[Event "Early-Titled-Tuesday-Blitz-May-07-2024"]
[Site "Chess.com"]
[Date "2024.05.07"]
[Round "5"]
[White "Heinza9"]
[Black "NM_Antelacus"]
[Result "1/2-1/2"]
[WhiteElo "2336"]
[BlackElo "2282"]
[TimeControl "180+1"]
[EndTime "8:59:06 PDT"]
[Termination "Game drawn by stalemate"]

1. e4 c5 2. Nf3 Nc6 3. Bb5 g6 4. c3 Bg7 5. O-O Nf6 6. e5 Nd5 7. d4 cxd4 8. cxd4 O-O 9. Nc3 Nxc3 10. bxc3 d5 11. exd6 Qxd6 12. a4 Bg4 13. Ba3 Qd8 14. Bxc6 bxc6 15. h3 Be6 16. Re1 Bf6 17. Ne5 Qc7 18.
Bc5 Rab8 19. Rb1 Bf5 20. Rxb8 Rxb8 21. Qf3 Bxe5 22. dxe5 a6 23. Qe3 Qd7 24. Qg5 Rb7 25.
Kh2 Be6 26. f4 Qd2 27. Qg3 Bd5 28. Re3 Rb2 29. Rd3 Qxg2+ 30. Qxg2 Rxg2+ 31. Kh1 Rd2+ 32. Rxd5 Rxd5 33. Bxe7 Rd3 34. Bb4 Rxh3+ 35. Kg2 Rd3 36. a5 h6 37. Kf2 Kg7 38. Ke2 Rh3 39. Be7 Rxc3 40. Bf6+ Kg8 41. e6 Rc2+ 42. Kd3 fxe6 43. Kxc2 Kf7 44. Be5 g5 45. fxg5 hxg5 46. Kd3 Ke7 47.
Ke4 Kd7 48. Bf6 g4 49. Kf4 c5 50. Kxg4 Kc6 51. Kf4 Kb7 52. Ke5 c4 53. Kxe6 c3 54.
Bxc3 Ka8 55. Kd6 Ka7 56. Kc6 Ka8 57. Kb6 Kb8 58. Kxa6 Ka8 59. Kb6 Kb8 60. a6 Ka8 61. Bd4 Kb8 62. Kc6 Ka8 63. a7 1/2-1/2

[Event "Early-Titled-Tuesday-Blitz-May-07-2024"]
[Site "Chess.com"]
[Date "2024.05.07"]
[Round "5"]
[White "NovakCabarkapa"]
[Black "Happy1712Drummer"]
[Result "1-0"]
[WhiteElo "2749"]
[BlackElo "2516"]
[TimeControl "180+1"]
[EndTime "8:59:08 PDT"]
[Termination "NovakCabarkapa won by resignation"]

1. h4 e5 2. c3 d5 3. d4 Nc6 4.
dxe5 Nxe5 5. Nf3 Nxf3+ 6. exf3 Be7 7. h5 h6 8. Bd3 Bf6 9. Be3 Ne7 10. g4 c5 11. f4 Nc6 12. Bxc5 Be6 13. f5 Bd7 14. Qe2+ Ne7 15. Nd2 O-O 16. O-O Re8 17.
Qd1 Nc6 18. Nb3 Ne5 19. f4 Nxd3 20. Qxd3 a6 21. Rfe1 Bb5 22. Qd2 Qc7 23. Bd4 Be7 24. f6 Bxf6 25. Bxf6 gxf6 26. Nd4 Bd7 27. Kh2 Kh8 28.
Kh3 Rg8 29. f5 Kh7 30. Re7 Rg7 31. Rg1 Qd6 32. Qe3 Rag8 33. Ne2 Bc6 34. Nf4 d4 35.
cxd4 Qb4 36. b3 Qb5 37. a4 Qb4 38. Ng6 Qd6 39. Nf4 Qd5 40. Nxd5 Bxd5 41. Qf4 Bxb3 42. Rxb7 Bd5 43. Rc7 Bb3 44. Rb1 Bxa4 45. Rbb7 Bb3 46. Rxb3 1-0

[Event "Early-Titled-Tuesday-Blitz-May-07-2024"]
[Site "Chess.com"]
[Date "2024.05.07"]
[Round "5"]
[White "ScaccoPaccoMatto"]
[Black "UF_10"]
[Result "1-0"]
[WhiteElo "2719"]
[BlackElo "2507"]
[TimeControl "180+1"]
[EndTime "8:59:08 PDT"]
[Termination "ScaccoPaccoMatto won by resignation"]

1. d4 d6 2. Nf3 Bg4 3. Nbd2 Nc6 4. c3 e5 5. h3 Bh5 6. g4 Bg6 7. Bg2 Nf6 8. dxe5 dxe5 9. Qa4 Nd7 10. Nc4 Bd6 11. Bg5 f6 12. Nxd6+ cxd6 13. Be3 O-O 14. Qb3+ Kh8 15. Qxb7 Rc8 16. Nh4 Na5 17. Nxg6+ hxg6 18. Qd5 Nc4 19. Bc1 Ndb6 20. Qd3 d5 21.
Qxg6 Nd6 22. h4 Qe8 23. h5 Nbc4 24. Bxd5 e4 25. Bh6 Qxg6 26. hxg6 gxh6 27. Rxh6+ Kg7 28. Rh7+ Kxg6 29. Rxa7 Nxb2 30. Rb1 Nbc4 31. Rb4 Kg5 32. Rg7+ Kf4 33. Re7 Rh8 34. Kf1 Rh1+ 35. Kg2 Rch8 36. e3+ Kxg4 37. Be6+ Nf5 38. Rg7+ Kh4 39. Bxf5 1-0

[Event "Early-Titled-Tuesday-Blitz-May-07-2024"]
[Site "Chess.com"]
[Date "2024.05.07"]
[Round "5"]
[White "mapleaff"]
[Black "WilsonPalencia21"]
[Result "1-0"]
[WhiteElo "2279"]
[BlackElo "2532"]
[TimeControl "180+1"]
[EndTime "8:59:08 PDT"]
[Termination "mapleaff won on time"]

1. e4 c5 2. Nf3 d6 3. Bb5+ Nd7 4. O-O Nf6 5. Re1 a6 6. Bd3 b5 7. c4 g5 8. Rf1 g4 9. Ne1 Ne5 10. Be2 bxc4 11. Nc3 Bd7 12. d3 cxd3 13. Nxd3 Nxd3 14. Bxd3 Rg8 15. Re1 e6 16. e5 dxe5 17. Rxe5 Bd6 18. Rg5 Ke7 19. Ne4 Nxe4 20. Bxe4 Rb8 21. Qxg4 Be5 22. Qf3 Bf6 23. Rh5 Rg7 24. Bh6 Rg8 25.
Rd1 Qc7 26. Bf4 e5 27. Bg3 Rg7 28. Rh6 Be6 29. Qxf6+ Kf8 30. Rxh7 Rxh7 31. Bxh7 Rd8 32. Rxd8+ 1-0

[Event "Early-Titled-Tuesday-Blitz-May-07-2024"]
[Site "Chess.com"]
[Date "2024.05.07"]
[Round "5"]
[White "th3d4rkness"]
[Black "RusPakhom"]
[Result "1-0"]
[WhiteElo "2215"]
[BlackElo "2368"]
[TimeControl "180+1"]
[EndTime "8:59:08 PDT"]
[Termination "th3d4rkness won on time"]

1. e4 c5 2. Nc3 d6 3. d4 cxd4 4. Qxd4 Nc6 5. Qd2 g6 6. b3 Bh6 7.
f4 Nf6 8. Bb2 O-O 9. O-O-O e5 10. g3 Bg4 11. Be2 Nd4 12. Bxg4 Nxg4 13. h3 Nf6 14.
Kb1 Rc8 15. Nge2 Nxe2 16. Qxe2 exf4 17. e5 Re8 18. Rxd6 Qxd6 19. exd6 Rxe2 20. Nxe2 Nd5 21. c4 Nb4 22. Nxf4 Rd8 23. Rd1 Bg7 24. a3 Nc6 25. b4 Ne5 26. Bxe5 Bxe5 27. c5 Bxf4 28. gxf4 Kg7 29. Kc2 Kf6 30. Kd3 Kf5 31. Kd4 Kxf4 32.
Rf1+ Kg3 33. Rxf7 h5 34. Rg7 Kxh3 35. Rxg6 h4 36. Kd5 Kh2 37. b5 h3 38. c6 bxc6+ 39. bxc6 Kh1 40. c7 Rf8 41. d7 h2 42.
d8=Q Rf5+ 43. Ke4 Rf1 44. c8=Q a5 45. Qa8 Re1+ 46. Kf4+ 1-0

[Event "Early-Titled-Tuesday-Blitz-May-07-2024"]
[Site "Chess.com"]
[Date "2024.05.07"]
[Round "5"]
[White "HajiyevKanan"]
[Black "sokidze"]
[Result "1/2-1/2"]
[WhiteElo "2578"]
[BlackElo "2813"]
[TimeControl "180+1"]
[EndTime "8:59:09 PDT"]
[Termination "Game drawn by stalemate"]

1. d4 d5 2. c4 e6 3. cxd5 exd5 4. Nc3 c6 5. Nf3 Nf6 6. Qc2 g6 7. Bg5 Be7 8. e3 Bf5 9. Bd3 Bxd3 10. Qxd3 O-O 11. O-O Nbd7 12. Rab1 a5 13. Qc2 Re8 14. Rfe1 Nf8 15. Ne5 Ne6 16. Bh4 Ng7 17. Ne2 Nf5 18. Bg5 Ne4 19. Bxe7 Qxe7 20. Ng3 Nfxg3 21. hxg3 h5 22.
a3 Kg7 23. b4 axb4 24. axb4 h4 25. g4 h3 26. gxh3 Ra3 27. Kg2 Rea8 28. b5 Nc3 29. bxc6 Nxb1 30. cxb7 Qxb7 31. Rxb1 Qa7 32. Qc6 Ra6 33.
Qxd5 Rb8 34. Rxb8 Qxb8 35. Qxf7+ Kh8 36. Nxg6+ Rxg6 37. Qxg6 Qg3+ 38. Kf1 Qxf2+ 39. Kxf2 1/2-1/2

[Event "Early-Titled-Tuesday-Blitz-May-07-2024"]
[Site "Chess.com"]
[Date "2024.05.07"]
[Round "5"]
[White "jcibarra"]
[Black "imdvb6307"]
[Result "1-0"]
[WhiteElo "2934"]
[BlackElo "2538"]
[TimeControl "180+1"]
[EndTime "8:59:10 PDT"]
[Termination "jcibarra won by resignation"]

1. e4 Nc6 2. Nf3 d6 3. d4 Nf6 4. Nc3 e5 5. Bb5 Bd7 6. O-O Be7 7. Re1 exd4 8. Nxd4 Nxd4 9. Qxd4 Bxb5 10. Nxb5 O-O 11. Bf4 Nh5 12. Be3 a6 13. Nc3 Bf6 14. Qb4 Bxc3 15. Qxc3 Nf6 16. f3 a5 17. Rad1 Re8 18.
Bg5 Re6 19. e5 Ne4 20. Rxe4 Qxg5 21. Qxc7 Rxe5 22. Qxb7 Rae8 23. Qd5 h6 24. Rxe5 Rxe5 25. Qd2 Qf5 26. h3 Qe6 27. Qxd6 Re1+ 28. Kh2 Rxd1 29.
Qxd1 Qxa2 30. Qd8+ Kh7 31. Qd3+ g6 32. Qb3 Qxb3 33.
cxb3 Kg7 34. Kg3 Kf6 35. Kf4 Ke6 36. Ke4 Kd6 37. Kd4 f5 38. Kc4 Ke5 39. b4 axb4 40.
Kxb4 Kf4 41. Kc3 Kg3 42. b4 Kxg2 43. b5 f4 44. b6 Kxf3 45. b7 Kg2 46. b8=Q f3 47. Qb7 Kg3 48. Qc6 g5 49. Qxh6 g4 50.
hxg4 Kg2 51. Qf4 1-0

[Event "Early-Titled-Tuesday-Blitz-May-07-2024"]
[Site "Chess.com"]
[Date "2024.05.07"]
[Round "5"]
[White "dennisodessa"]
[Black "ploxoi"]
[Result "1-0"]
[WhiteElo "2543"]
[BlackElo "2319"]
[TimeControl "180+1"]
[EndTime "8:59:12 PDT"]
[Termination "dennisodessa won by resignation"]

1. d4 e6 2. c4 d5 3. Nc3 c6 4.
Nf3 dxc4 5. a4 Bb4 6. Ne5 b5 7.
e4 Nf6 8. f3 Bb7 9. Be3 Nbd7 10. Nxd7 Qxd7 11. Be2 a6 12. O-O Rd8 13. Qc2 O-O 14.
Rfd1 Rfe8 15. Bg5 Be7 16. Be3 h6 17. f4 Qc7 18. Bf3 b4 19. Ne2 c5 20. Qxc4 Nxe4 21.
Rac1 Qa5 22. dxc5 Bd5 23. Qc2 Nf6 24. Bxd5 Nxd5 25. Bf2 b3 26. Qxb3 Rb8 27. Qa3 Rec8 28. f5 Bg5 29. Rc4 Rb4 30. Be1 Be3+ 31. Kh1 Rcb8 32.
fxe6 fxe6 33. Rxd5 exd5 34. Rxb4 Rxb4 35. Qxe3 Re4 36.
Bxa5 Rxe3 37. Ng1 Rb3 38. c6 d4 39. c7 1-0

[Event "Early-Titled-Tuesday-Blitz-May-07-2024"]
[Site "Chess.com"]
[Date "2024.05.07"]
[Round "5"]
[White "krzyzan94"]
[Black "Zarinur"]
[Result "1-0"]
[WhiteElo "2800"]
[BlackElo "2539"]
[TimeControl "180+1"]
[EndTime "8:59:13 PDT"]
[Termination "krzyzan94 won by checkmate"]

1. e4 e5 2. Nf3 Nc6 3. Bc4 Nf6 4. d3 Bc5 5. Nc3 h6 6. O-O d6 7. Na4 Bg4 8. h3 Bh5 9. c3 Bb6 10. Nxb6 axb6 11. b4 Ne7 12. g4 Bg6 13. Nh4 O-O 14. Qf3 d5 15. exd5 Nfxd5 16. Bd2 c6 17. Rae1 b5 18. Bb3 Nc7 19. Rxe5 Bxd3 20. Rd1 Ned5 21.
Qxd3 Qxh4 22. Bc2 Nf6 23. Rh5 Qxh5 24. gxh5 Rxa2 25. Be3 Ncd5 26. Bb3 Ra3 27. Bxd5 Nxd5 28. Bd4 Nxb4 29. Qg3 f6 30. Bc5 Rfa8 31. Rd7 Ra1+ 32. Kg2 g5 33. Qc7 Rc1 34. Rg7+ Kh8 35. Rh7+ Kg8 36.
Qg7# 1-0

[Event "Early-Titled-Tuesday-Blitz-May-07-2024"]
[Site "Chess.com"]
[Date "2024.05.07"]
[Round "5"]
[White "ChessSG1"]
[Black "edgarhay012"]
[Result "0-1"]
[WhiteElo "2449"]
[BlackElo "2673"]
[TimeControl "180+1"]
[EndTime "8:59:13 PDT"]
[Termination "edgarhay012 won by resignation"]

1. c4 e5 2. g3 c6 3. Nf3 e4 4. Nd4 d5 5. cxd5 Qxd5 6. Nc2 Nf6 7. Nc3 Qe5 8. Bg2 Na6 9. O-O Be7 10. d4 exd3 11. exd3 O-O 12. Re1 Qc7 13. d4 Bd6 14. Bg5 Be7 15. Rc1 h6 16. Bf4 Qd8 17. d5 cxd5 18.
Nxd5 Nxd5 19. Qxd5 Nc5 20. Qxd8 Bxd8 21. Bd6 Nd3 22.
Bxf8 Nxe1 23. Rxe1 Kxf8 24. Nb4 Bf6 25. Na6 Bf5 26.
Bxb7 Rd8 27. b3 Bc3 28. Rc1 Bb2 29. Re1 Bd4 30. Be4 Bg4 31. Nc7 g6 32. Bc6 Kg7 33.
Nd5 Rd6 34. Rc1 Bb2 35. Rc2 Be5 36. Ne3 Be6 37. Kg2 Bd4 38. Bf3 Ra6 39. Nc4 g5 40. a4 f5 41. Be2 Rc6 42. f3 Kf6 43. Bd3 h5 44. b4 Bd5 45. b5 Rc5 46. Nd2 Rc3 47.
Rxc3 Bxc3 48. Nb1 Bb4 49. Kf2 Ke5 50. Ke2 Kd4 51. Nd2 f4 52. gxf4 gxf4 53. Ne4 Bb3 54.
Nf6 h4 55. a5 Bxa5 56. Nh7 Ke5 57. Ng5 Bb6 58. Nf7+ Bxf7 59. Be4 Bc4+ 60. Ke1 h3 61.
Kd2 Bg1 0-1

[Event "Early-Titled-Tuesday-Blitz-May-07-2024"]
[Site "Chess.com"]
[Date "2024.05.07"]
[Round "5"]
[White "RebelJohnny"]
[Black "InitiatingASC"]
[Result "1-0"]
[WhiteElo "2570"]
[BlackElo "2397"]
[TimeControl "180+1"]
[EndTime "8:59:13 PDT"]
[Termination "RebelJohnny won on time"]

1. e4 e5 2. Nf3 Nf6 3. Nc3 Nc6 4. d4 exd4 5. Nxd4 Bc5 6. Be3 Nxd4 7. Bxd4 Bxd4 8. Qxd4 O-O 9. e5 Ne8 10. O-O-O d6 11.
Bc4 Qg5+ 12. f4 Qh6 13. Kb1 Bg4 14. Rde1 dxe5 15. fxe5 Be6 16. h3 Bxc4 17. Qxc4 Qe6 18. Qb4 b6 19. Rhf1 c5 20. Qe4 Nc7 21. Qb7 Qc8 22.
Qf3 Ne6 23. Nd5 Qd8 24. Rd1 Qg5 25. Qe4 Rad8 26. c3 Kh8 27. g4 Qg6 28. Rf5 Qh6 29. Rdf1 Ng5 30. Qc4 Nxh3 31. Ne7 Qd2 32. Rh1 Qd3+ 33.
Qxd3 Rxd3 34. Rh5 Re8 35. Nf5 1-0

[Event "Early-Titled-Tuesday-Blitz-May-07-2024"]
[Site "Chess.com"]
[Date "2024.05.07"]
[Round "5"]
[White "erlesfar"]
[Black "ahmedkandiliii"]
[Result "0-1"]
[WhiteElo "2427"]
[BlackElo "2645"]
[TimeControl "180+1"]
[EndTime "8:59:14 PDT"]
[Termination "ahmedkandiliii won by resignation"]

1. e4 c6 2. d4 g6 3. c4 Bg7 4. Nc3 d6 5. Be3 Nf6 6. Be2 O-O 7. h4 h5 8. Nh3 Nbd7 9. Ng5 e5 10. d5 Nc5 11.
dxc6 bxc6 12. Bxc5 dxc5 13. Qxd8 Rxd8 14. f3 Rb8 15. b3 Be6 16. Na4 Bf8 17. Rd1 Rxd1+ 18.
Kxd1 Rd8+ 19. Kc2 Be7 20. Nxe6 fxe6 21. g3 Kf7 22. Bf1 Rd4 23. Bh3 Nd7 24. Nc3 g5 25.
Ne2 Rd6 26. g4 hxg4 27. Bxg4 gxh4 28. Nc1 Nf6 29. Nd3 Nxg4 30. fxg4 Bf6 31. g5 Bxg5 32.
Nxe5+ Kf6 33. Nd3 Rd4 34. Nxc5 Rd2+ 35. Kc3 Rxa2 36. Nd3 Rg2 37. Rf1+ Kg7 38. Ne5 Bf6 39. Kd4 Rg5 40. Kc5 Rxe5+ 41. Kxc6 Rxe4 42. Kd7 Re3 43. Rg1+ Kh6 44. Ke8 h3 45. Kf7 Bg5 46. Rh1 Rxb3 0-1

[Event "Early-Titled-Tuesday-Blitz-May-07-2024"]
[Site "Chess.com"]
[Date "2024.05.07"]
[Round "5"]
[White "Ginger_GM"]
[Black "FaustinoOro"]
[Result "0-1"]
[WhiteElo "2662"]
[BlackElo "2891"]
[TimeControl "180+1"]
[EndTime "8:59:15 PDT"]
[Termination "FaustinoOro won on time"]

1. Nf3 Nf6 2. c4 e6 3. e3 b6 4.
b3 Bb7 5. Bb2 Be7 6. Nc3 O-O 7.
Qc2 d5 8. Be2 c5 9. cxd5 Nxd5 10. h4 Nd7 11. Ng5 g6 12. f4 Bf6 13. Nce4 Bxb2 14.
Qxb2 Qe7 15. h5 e5 16. hxg6 hxg6 17. O-O-O N5f6 18. Nxf6+ Qxf6 19. Nh7 Qd6 20. Nxf8 Rxf8 21. Rh4 Rd8 22. Rdh1 Kg7 23. Rh7+ Kf6 24. Bc4 Bd5 25.
g4 Ke7 26. Bxd5 Qxd5 27. Rf1 c4 28. fxe5 Nxe5 29. Qa3+ Ke6 30. Rd1 c3 31. d4 Qg2 32. b4 Nc4 33. Qxc3 Rc8 34. d5+ Ke7 35. d6+ Nxd6 0-1

[Event "Early-Titled-Tuesday-Blitz-May-07-2024"]
[Site "Chess.com"]
[Date "2024.05.07"]
[Round "5"]
[White "AcostaPablo"]
[Black "scarabee43"]
[Result "1-0"]
[WhiteElo "2635"]
[BlackElo "2818"]
[TimeControl "180+1"]
[EndTime "8:59:15 PDT"]
[Termination "AcostaPablo won by resignation"]

1. d4 Nf6 2. c4 e6 3. Nc3 d5 4. cxd5 exd5 5. Nf3 c6 6. Bg5 h6 7. Bh4 Bf5 8. e3 Nbd7 9. Bd3 Bxd3 10. Qxd3 Bd6 11. O-O O-O 12. e4 dxe4 13. Nxe4 Be7 14.
Ng3 Nd5 15. Bxe7 Qxe7 16. Rfe1 Qf6 17. Ne4 Qg6 18. Nh4 Qg4 19. Qg3 Qxg3 20. hxg3 Rfd8 21. Nd6 Rab8 22. Nhf5 Nf8 23. Nc4 Ne6 24. Rad1 h5 25.
a3 g6 26. Nh4 Ndc7 27. Nf3 Nb5 28. Re4 Rd5 29. Ne3 Rd7 30. d5 cxd5 31. Rxd5 Rxd5 32. Nxd5 Rd8 33. Nf4 Nbc7 34. Rc4 Rd1+ 35. Kh2 Rf1 36. Rc2 Nxf4 37. gxf4 Nd5 38. g3 Nf6 39. Kg2 Rb1 40. Ne5 Ng4 41. Nf3 Kg7 42. Ng5 a5 43. Re2 b5 44. f3 Nh6 45. Kh3 Nf5 46. g4 Nd4 47. Re7 Rxb2 48. Rxf7+ Kg8 49. Rf6 Kg7 50. Rf7+ Kg8 51.
gxh5 gxh5 52. Rd7 Nf5 53. Rd5 Ne3 54. Re5 Nf1 55. Kh4 Rh2+ 56. Nh3 b4 57. axb4 axb4 58.
Rb5 Rb2 59. Kxh5 b3 60. Kg6 Rg2+ 61. Ng5 Kf8 62. f5 b2 63. f6 Ke8 64. f7+ Ke7 65.
Rb7+ 1-0

[Event "Early-Titled-Tuesday-Blitz-May-07-2024"]
[Site "Chess.com"]
[Date "2024.05.07"]
[Round "5"]
[White "savitha1030"]
[Black "WiseKing_08"]
[Result "1-0"]
[WhiteElo "2490"]
[BlackElo "2600"]
[TimeControl "180+1"]
[EndTime "8:59:15 PDT"]
[Termination "savitha1030 won on time"]

1. Nf3 d5 2. g3 Nf6 3. Bg2 Bf5 4. b3 e6 5. Bb2 Be7 6. O-O h6 7. d3 O-O 8. Nbd2 Bh7 9. Ne5 Nbd7 10. e4 dxe4 11. Nxe4 Nxe4 12. dxe4 Nxe5 13. Bxe5 Bf6 14. Qxd8 Rfxd8 15. Bxf6 gxf6 16. Rad1 Kf8 17. c4 Ke7 18. f4 c5 19. Kf2 a5 20. e5 fxe5 21.
Bxb7 Rab8 22. Bc6 exf4 23. gxf4 Bf5 24. Ke3 Rxd1 25. Rxd1 Rd8 26. Rxd8 Kxd8 27. Be4 Bg4 28. Kd2 Ke7 29. Kc1 Kd6 30. Kb2 f5 31. Bb7 e5 32.
fxe5+ Kxe5 33. Kc3 f4 34. Kd2 Kd4 35. Bd5 f3 36. Bc6 f2 37. Bg2 h5 38. h4 Bf5 39.
Ke2 Bb1 40. Bf3 Bxa2 41. Bxh5 Bxb3 42. Bf7 Bxc4+ 43. Bxc4 Kxc4 44. h5 a4 45. h6 a3 46.
h7 a2 47. h8=Q 1-0

[Event "Early-Titled-Tuesday-Blitz-May-07-2024"]
[Site "Chess.com"]
[Date "2024.05.07"]
[Round "5"]
[White "ChelsieMonica"]
[Black "luggevoila"]
[Result "0-1"]
[WhiteElo "2517"]
[BlackElo "2327"]
[TimeControl "180+1"]
[EndTime "8:59:16 PDT"]
[Termination "luggevoila won by resignation"]

1. c4 Nf6 2. Nf3 g6 3. g3 Bg7 4. Bg2 O-O 5. O-O c6 6. Nc3 d5 7.
cxd5 cxd5 8. d4 Nc6 9. Bf4 Ne4 10. Rc1 Bf5 11. Ne5 Rc8 12. Nxe4 dxe4 13. Nxc6 Rxc6 14.
Rxc6 bxc6 15. e3 h5 16. h3 Qd7 17. f3 Bxh3 18. fxe4 Bxg2 19. Kxg2 Rd8 20. Qb3 e6 21. Rc1 e5 22. Bg5 Re8 23. d5 Qg4 24. dxc6 Qxg5 25. c7 Qg4 26. Qb8 Rc8 27. Kf2 h4 28. gxh4 Qxh4+ 29. Ke2 Qg4+ 30. Kd3 Bh6 31. Rc5 Qd7+ 32. Kc4 Bxe3 33. Rd5 Qxc7+ 34. Qxc7 Rxc7+ 35. Kd3 Bd4 36. b3 Rc1 37. a4 Rb1 38. Kc4 Rc1+ 39. Kb5 Rc3 40.
b4 f5 41. a5 f4 42. Rd6 f3 43. Rf6 f2 44. Ka6 Rc1 45. Rf3 f1=Q+ 46. Rxf1 Rxf1 47. b5 Re1 48. b6 axb6 49. axb6 Bxb6 50. Kxb6 Rxe4 0-1

[Event "Early-Titled-Tuesday-Blitz-May-07-2024"]
[Site "Chess.com"]
[Date "2024.05.07"]
[Round "5"]
[White "dianamirza"]
[Black "Larina_Maria"]
[Result "1/2-1/2"]
[WhiteElo "1931"]
[BlackElo "2342"]
[TimeControl "180+1"]
[EndTime "8:59:17 PDT"]
[Termination "Game drawn - insufficient material"]

1. c4 e5 2. Nc3 Nc6 3. g3 f5 4. Bg2 Nf6 5. e3 g6 6. Nge2 Bg7 7. O-O O-O 8. d4 e4 9. d5 Ne5 10. b3 Nd3 11. Ba3 d6 12. Nf4 Ne5 13. Bb2 Qe8 14. h4 h6 15. Nb5 Qf7 16. Bxe5 dxe5 17. Ne6 Bxe6 18. dxe6 Qe7 19. Qc2 a6 20. Nc3 Qxe6 21.
Rad1 Rfd8 22. Rxd8+ Rxd8 23. Rd1 Rd7 24. Rxd7 Qxd7 25. Qd1 Kf7 26. Qxd7+ Nxd7 27. Nd5 c6 28. Nc3 Bf6 29. Kf1 Ke6 30. Ke2 g5 31. hxg5 hxg5 32.
b4 Be7 33. c5 Nf6 34. Na4 Bd8 35. Nc3 Bc7 36. a4 Nd7 37. g4 fxg4 38. Nxe4 Kf5 39. Ng3+ Kg6 40. Ne4 Nf8 41. Kd3 Ne6 42. Nd6 Bxd6 43.
cxd6 Kf6 44. Ke4 Nd8 45. Bf1 Ke6 46. d7 Kxd7 47. Kxe5 Nf7+ 48. Kf5 Ke7 49. Kxg4 Kf6 50. Bc4 Ne5+ 51. Kg3 Nxc4 52. f4 gxf4+ 53. exf4 Nd6 54.
Kf3 Kf5 55. Ke3 b6 56. a5 bxa5 57. bxa5 Nc4+ 58. Kd4 Nxa5 59. Kc5 Nb3+ 60. Kxc6 a5 61. Kb5 Kxf4 62. Ka4 Ke3 63. Kxb3 Kd4 64. Ka4 Kc5 65. Kxa5 1/2-1/2

[Event "Early-Titled-Tuesday-Blitz-May-07-2024"]
[Site "Chess.com"]
[Date "2024.05.07"]
[Round "5"]
[White "Goryachkina"]
[Black "Szparu"]
[Result "0-1"]
[WhiteElo "2691"]
[BlackElo "2945"]
[TimeControl "180+1"]
[EndTime "8:59:19 PDT"]
[Termination "Szparu won on time"]

1. e4 c5 2. Nf3 a6 3. c4 Nc6 4. d4 cxd4 5. Nxd4 e5 6. Nf5 d5 7.
cxd5 Bxf5 8. exf5 Nd4 9. Bd3 Qxd5 10. O-O O-O-O 11. Be3 Nf6 12. Nc3 Qd7 13. Rc1 Kb8 14.
Kh1 Be7 15. Bb1 Bc5 16. Ne4 Bb6 17. Nxf6 gxf6 18. Bxd4 Bxd4 19. Qb3 Rc8 20. Rxc8+ Rxc8 21.
Bd3 Ka7 22. h3 h5 23. Be4 h4 24. Qf3 Qb5 25. Rd1 Qxb2 26. Rb1 Rc1+ 27. Rxc1 Qxc1+ 28. Kh2 Qb2 29. Qb3 Qxb3 30. axb3 Bxf2 31. g4 b5 32. Kg2 Be3 33. Bd5 Kb6 34. Kf3 Bg5 35. Ke4 Kc5 36. Bxf7 Kb4 37. Kd3 a5 38. Be6 Ka3 39.
Kc2 e4 40. Bd5 e3 41. Kd3 Kb2 42. Bc6 Kxb3 43. Bxb5 a4 44. Bc4+ Kb2 0-1